AoeStats
← coco13264409

Arena

505617893Analyzed
1v1 RM · 23d ago on Sep 10, 2026· 37m 59s· 2 players
Game mode
Random Map
Map size
Tiny (2 player)
Population
200
Speed
Normal
Resources
Standard
Victory
Conquest
Starting age
Dark Age
Ending age
Imperial Age
RankedLock teamsTeams togetherTeam positionsShared explorationLock speedFull tech treeHidden civsTurbo modeCheats
Victory
Defeat
🇫🇷 Teutons · France
999
+17
🇨🇭 Magyars · Switzerland
1023
-17
Kushchimney
0:52 Loom
9:55 Feudal Age
12:24 Forging
12:08 Fletching
26:42 Castle Age
24:51 Horse Collar
25:00 Double-Bit Axe
25:42 Gold Mining
27:45 Bodkin Arrow
31:34 Heavy Plow
34:10 Bow Saw
37:45 Imperial Age
39:03 Crop Rotation
coco13264409
6:54 Loom
9:46 Feudal Age
12:18 Fletching
14:00 Double-Bit Axe
19:55 Padded Archer Armor
21:06 Man-at-Arms
28:01 Castle Age
29:27 Scale Mail Armor
30:32 Pikeman
35:15 Horse Collar
37:23 Bodkin Arrow
Connection lost

Rejoining the realm…

Still unreachable

The connection could not be restored.

Session expired

The server has moved on; the page needs a fresh start.